 Dungeon Crawl Stone Soup version 0.29.1-15-g9cfb28693d (webtiles) character file.

Game seed: 3105125477959061441

493 Peloso the Slasher (level 6, 0/53 HPs)
             Began as a Minotaur Fighter on Feb 26, 2023.
             Slain by a kobold brigand
             ... wielding a +0 short sword
              (6 damage)
             ... in a sewer.
             The game lasted 00:07:26 (2420 turns).

Peloso the Slasher (Minotaur Fighter)               Turns: 2420, Time: 00:07:26

Health: 0/53       AC:  9    Str: 21    XL:     6   Next: 92%
Magic:  5/5        EV: 10    Int:  5    God:
Gold:   95         SH:  4    Dex: 11    Spells: 5/5 levels left

rFire   . . .      SeeInvis .   a - +1 long sword
rCold   . . .      Faith    .   c - +0 buckler
rNeg    . . .      Spirit   .   b - +1 scale mail
rPois   .          Reflect  .   (helmet restricted)
rElec   .          Harm     .   (no cloak)
rCorr   .          Rampage  .   e - +0 pair of gloves
Will    .....                   (no boots)
Stlth   ..........              (no amulet)
HPRegen 0.17/turn               (no ring)
MPRegen 0.09/turn               (no ring)

@: no status effects
A: horns 2, retaliatory headbutt
a: no special abilities


You were in a sewer.
You visited 1 branch of the dungeon, and saw 4 of its levels.
You also visited: Sewer.

You collected 95 gold pieces.

Inventory:

Hand Weapons
 a - a +1 long sword (weapon)
Missiles
 m - a throwing net (quivered)
Armour
 b - a +1 scale mail (worn)
 c - a +0 buckler (worn)
 e - a +0 pair of gloves (worn)
Jewellery
 g - an amulet of guardian spirit
Wands
 d - a wand of flame (14)
Scrolls
 f - a scroll of acquirement {unknown}
 i - a scroll of identify
 j - a scroll of blinking
 k - a scroll of amnesia {unknown}
Potions
 l - a potion of brilliance


   Skills:
 + Level 4.4 Fighting
 + Level 6.3 Long Blades
 + Level 6.0 Armour
 + Level 1.7 Dodging
 + Level 0.2 Stealth
 + Level 4.2 Shields
 + Level 0.1 Evocations


You had 5 spell levels left.
You didn't know any spells.
Your spell library contained the following spells:

 Spells                   Type           Power      Damage    Failure   Level
 Beastly Appendage        Tmut           0%         N/A       87%         1
 Wereblood                Tmut           0%         N/A       95%         2
 Dazzling Flash           Conj/Hex       0%         N/A       99%         3
 Inner Flame              Hex/Fire       0%         N/A       99%         3
 Spider Form              Tmut/Pois      0%         N/A       99%         3
 Cause Fear               Hex            0%         N/A       100%        4
 Iskenderun's Mystic Bla  Conj/Tloc      0%         2d3       100%        4
 Starburst                Conj/Fire      0%         6d3       100%        6
 Discord                  Hex            0%         N/A       100%        8


Dungeon Overview and Level Annotations

Branches:
Dungeon (6/15)              Sewer (1/1)
 Temple: D:4-7

Altars:
Cheibriados
Yredelemnul

Shops:
D:1 (


Innate Abilities, Weirdness & Mutations

You have a pair of horns on your head.
You reflexively headbutt those who attack you in melee.


Message History

The kobold brigand hits you with a +0 dagger.
Unknown command.
You closely miss the kobold brigand.
The kobold brigand is almost dead.
The kobold brigand hits you with a +0 short sword.
* * * LOW HITPOINT WARNING * * *
The kobold hits you but does no damage. You block the kobold brigand's attack.
Unknown command.
You hit the kobold brigand. You headbutt the kobold brigand.
You kill the kobold brigand!
The kobold brigand hits you with a +0 short sword.
* * * LOW HITPOINT WARNING * * *
The kobold hits you with a +0 club.
* * * LOW HITPOINT WARNING * * *
Your Armour skill increases to level 6!
The kobold throws a stone.
The stone closely misses you.
The kobold brigand hits you with a +0 short sword.
* * * LOW HITPOINT WARNING * * *
The kobold brigand attacks as you move away!
The kobold brigand hits you but does no damage.
The kobold throws a stone.
You block the stone.
There is an empty arch of ancient stone here.
Okay, then.
You slash the kobold brigand! You headbutt the kobold brigand!
The kobold brigand is severely wounded.
You block the kobold brigand's attack.
You hit the kobold brigand.
The kobold brigand is severely wounded.
The kobold brigand hits you with a +0 short sword.
* * * LOW HITPOINT WARNING * * *
You block the kobold brigand's attack.
You hit the kobold brigand.
Your headbutt misses the kobold brigand.
The kobold brigand is severely wounded.
The kobold brigand barely misses you.
You barely miss the kobold brigand.
Your headbutt misses the kobold brigand.
The kobold brigand is severely wounded.
The kobold brigand hits you with a +0 short sword.
You die...

#≈≈≈≈≈≈≈≈≈≈≈~..~.....~.≈≈≈≈≈≈≈≈≈≈
#≈≈≈≈≈≈≈≈~.~~~.........~.~..~~.~.
#.~~~.~~~........................
'................†..........†....
#...........K..†..........##...†.
#....K.....K....##.K.....#####...
###..###......#####).##...######.
#### ##...######K)#####..∩# ##
##### #@KK## ##### #####


You could see a kobold brigand and 2 kobolds.

Vanquished Creatures
  Edmund (D:6)
  2 ogres (D:6)
  A kobold brigand (Sewer)
  A hound (D:6)
  An orc priest (D:6)
  3 river rats
  3 orcs (D:6)
  4 bats
  5 endoplasms
  4 giant cockroaches
  6 goblins
  4 hobgoblins
  7 kobolds
  2 quokkas
  6 ball pythons
  3 frilled lizards (D:2)
  11 rats
64 creatures vanquished.

Vanquished Creatures (others)
  A fungus (D:1)
  A plant (D:1)
2 creatures vanquished.

Grand Total: 66 creatures vanquished

Notes
Turn   | Place    | Note
-------+----------+-------------------------------------------
     0 | D:1      | Peloso the Minotaur Fighter began the quest for the Orb.
     0 | D:1      | Reached XP level 1. HP: 19/19 MP: 0/0
    84 | D:1      | Found Kiaheazech's Weapon Shop.
   408 | D:1      | Found a faded altar of an unknown god.
   418 | D:1      | Reached XP level 2. HP: 23/27 MP: 1/1
  1390 | D:2      | Reached XP level 3. HP: 30/33 MP: 2/2
  1436 | D:2      | Found a basalt altar of Yredelemnul.
  1928 | D:3      | Found a snail-covered altar of Cheibriados.
  1928 | D:3      | You fall into a shaft and drop 3 floors!
  1929 | D:6      | Noticed an ogre
  1930 | D:6      | Noticed Edmund
  1939 | D:6      | Killed an ogre
  1940 | D:6      | Reached XP level 4. HP: 20/40 MP: 3/3
  1944 | D:6      | Reached skill level 5 in Armour
  1944 | D:6      | Reached skill level 1 in Dodging
  1944 | D:6      | Reached XP level 5. HP: 24/46 MP: 4/4
  1950 | D:6      | Killed Edmund
  1951 | D:6      | Reached skill level 5 in Long Blades
  1951 | D:6      | Reached XP level 6. HP: 15/52 MP: 5/5
  2021 | D:6      | Identified the +0 ring mail "Jekket" {rN+ Will- Str+2}
  2121 | D:6      | Noticed a yak
  2121 | D:6      | Noticed a yak
  2123 | D:6      | Noticed a yak
  2132 | D:6      | Found a glowing drain.
  2148 | Sewer    | Entered a sewer
  2420 | Sewer    | Slain by a kobold brigand

Illustrated notes

Levels and vault maps discovered:
D:1:      dpeg_arrival_round_b, layout_loops_ring,
          shapermc_ecumenical_altar_mp_urbaneastern, serial_shops, shop,
          chequers_jeans, grunt_decor_clamped
D:2:      layout_basic, basic_altar, st_stairs_8
D:3:      layout_loops_ring, cheibriados_altar_1
D:6:      layout_rooms, portal_sewer_entry_b, corexii_corridor_pit, uniq_edmund
Sewer:    sewer_minmay_treatment

Skill      XL: |  1  2  3  4  5  6 |
---------------+-------------------+-----
Armour         | 4 5 6 |  6.0
Fighting       | 4 |  4.4
Long Blades    | 4 5 6 |  6.3
Shields        | 4 |  4.2
Dodging        | 1 |  1.7
Stealth        | |  0.2
Evocations     | |  0.1

Action                   |  1- 3 |  4- 6 || total
-------------------------+-------+-------++-------
Melee: Long sword        |    89 |    67 ||   156
       Headbutt          |     6 |     6 ||    12
Evoke: Wand              |       |     3 ||     3
  Use: Scroll            |     9 |     2 ||    11
       Potion            |     1 |     1 ||     2
Armor: Scale mail        |    43 |    36 ||    79
Dodge: Dodged            |    54 |    38 ||    92
Block: Buckler           |    14 |    15 ||    29
